 Dungeon Crawl Stone Soup version 0.31-a0-167-g1c394c0614 (webtiles) character file.

Game seed: 8829108655856928761

61 qw the Shooter (level 4, 0/28 HPs)
             Began as a Gargoyle Hunter on June 14, 2023.
             Slain by Robin
             ... wielding a +0 mace
              (6 damage)
             ... on level 2 of the Dungeon.
             The game lasted 00:00:27 (673 turns).

qw the Shooter (Gargoyle Hunter)                     Turns: 673, Time: 00:00:27

Health: 0/28       AC:  8    Str: 15    XL:     4   Next: 7%
Magic:  4/4        EV: 11    Int:  9    God:
Gold:   31         SH:  0    Dex: 15    Spells: 3/3 levels left

rFire   . . .        Y - +0 shortbow
rCold   . . .        (shield currently unavailable)
rNeg    + . .        e - +0 ring mail
rPois   inf          (no helmet)
rElec   +            (no cloak)
rCorr   .            (no gloves)
SInv    .            (no boots)
Will    .....        (no amulet)
Stlth   +            (no ring)
HPRegen 0.24/turn    (no ring)
MPRegen 0.09/turn

%: no passive effects
@: no status effects
A: sickness immunity, AC +3, negative energy resistance 1, electricity
resistance, torment resistance 1, petrification resistance
a: no special abilities


You were on level 2 of the Dungeon.
You visited 1 branch of the dungeon, and saw 2 of its levels.

You collected 31 gold pieces.


Innate Abilities, Weirdness & Mutations

You are immune to sickness and miasma.
Your stone body is resilient. (AC +3)
You are immune to poison.
You resist negative energy. (rN+)
You are resistant to electric shocks. (rElec)
You are resistant to unholy torment.
You are immune to petrification.


   Skills:
 - Level 3.0 Fighting
 + Level 5.0 Ranged Weapons
 - Level 1.0 Armour
 - Level 1.5 Dodging
 - Level 1.1 Stealth


You had 3 spell levels left.
You didn't know any spells.
Your spell library was empty.

Inventory:

Hand Weapons
 Y - a +0 shortbow (weapon)
Armour
 e - a +0 ring mail (worn)
Scrolls
 a - a scroll of vulnerability {unknown}
Potions
 b - a potion of invisibility {unknown}
 d - a potion of heal wounds {unknown}

Dungeon Overview and Level Annotations

Branches:
Dungeon (2/15)

Altars:

Annotations:
D:2 Robin


Message History

You kill the hobgoblin!
The goblin hits you but does no damage.
Your Fighting skill increases to level 3!
You shoot an arrow. The arrow hits the goblin!
You kill the goblin!
You hear a zap.
Some rock shatters into small pieces.
The goblin hits you with a +0 dagger.
You shoot an arrow. The arrow hits the goblin.
The goblin is heavily wounded.
The goblin hits you with a +0 dagger.
You shoot an arrow. The arrow closely misses the goblin.
The goblin closely misses you. Robin hits you but does no damage.
The goblin hits you but does no damage.
You shoot an arrow. The arrow closely misses the goblin.
Robin barely misses you. The goblin hits you but does no damage.
You shoot an arrow. The arrow barely misses the goblin.
Robin hits you with a +0 mace. The goblin completely misses you.
You shoot an arrow. The arrow barely misses the goblin.
Robin hits you but does no damage. The goblin hits you but does no damage.
You shoot an arrow. The arrow hits the goblin.
You kill the goblin!
Robin hits you with a +0 mace. x2
You shoot an arrow. The arrow hits Robin.
Robin is lightly wounded.
Robin says, "My goblins will feast on your bones."
Robin hits you but does no damage.
You shoot an arrow. The arrow hits Robin.
Robin is moderately wounded.
Robin closely misses you.
You shoot an arrow. The arrow hits Robin.
Robin is moderately wounded.
Robin hits you with a +0 mace!
You shoot an arrow. The arrow barely misses Robin.
Robin misses you. Robin hits you with a +0 mace.
You shoot an arrow. The arrow hits Robin.
Robin is severely wounded.
Robin completely misses you.
You shoot an arrow. The arrow barely misses Robin.
Robin hits you with a +0 mace.
You die...

# .# ###.## ..
..#..####.#.
#######.##.)....<.
........##)g..#
........##@######.
#...).%...... ###
#..##.##.....
...#).##.# ..#.
#####.#..##..## ##
#..............
#.#####..######
#.#####..#
.......%.#


You could see Robin.

Vanquished Creatures
  An adder (D:2)
  2 ball pythons
  3 endoplasms (D:1)
  12 goblins
  9 hobgoblins
  4 quokkas
  6 bats
  4 frilled lizards (D:1)
  A kobold (D:1)
  3 rats (D:1)
45 creatures vanquished.

Notes
Turn   | Place    | Note
-------+----------+-------------------------------------------
     0 | D:1      | qw the Gargoyle Hunter began the quest for the Orb.
     0 | D:1      | Reached XP level 1. HP: 12/12 MP: 1/1
     0 | D:1      | 0 ||| qw: Version: 0.2-a-29-g1fa15c8
     0 | D:1      | 0 ||| qw: Game counter: 4881
     0 | D:1      | 0 ||| qw: Always use a shield: true
     0 | D:1      | 0 ||| qw: God list: Okawaru
     0 | D:1      | 0 ||| qw: Allow faded altars: false
     0 | D:1      | 0 ||| qw: Do Orc after D:15 true
     0 | D:1      | 0 ||| qw: Do second Lair branch before Depths: true
     0 | D:1      | 0 ||| qw: Lair rune preference: random
     0 | D:1      | 0 ||| qw: Plans: Normal, Zot:1-4, Slime:5, God:TSO, Crypt,
                  | Tomb, Abyss, Pan, Hells, Win
     0 | D:1      | 0 ||| PLANNING D:1-11
    92 | D:1      | Reached XP level 2. HP: 17/17 MP: 2/2
   260 | D:1      | Reached XP level 3. HP: 21/21 MP: 3/3
   354 | D:1      | Reached skill level 5 in Ranged Weapons
   512 | D:1      | 512 ||| UPGRADING to +0 ring mail.
   522 | D:1      | 522 ||| DROPPING +0 leather armour.
   523 | D:1      | 523 ||| READING scroll labelled QOMIRPH PYDA.
   524 | D:1      | 524 ||| READING scroll labelled BIASUFAPLA.
   539 | D:1      | 539 ||| DROPPING scroll of butterflies.
   569 | D:2      | Reached skill level 1 in Armour
   575 | D:2      | 575 ||| STAIRDANCE
   646 | D:2      | Noticed Robin
   647 | D:2      | 647 ||| Stepping ~*~*~tactically~*~*~ (outnumbered).
   660 | D:2      | Reached XP level 4. HP: 24/27 MP: 4/4
   661 | D:2      | Reached skill level 3 in Fighting
   670 | D:2      | HP: 6/28 [Robin/+0 mace (7)]
   673 | D:2      | Slain by Robin

Levels and vault maps discovered:
D:1:      matt_arrival_diagonals, layout_basic, corexii_hall_statues_l
D:2:      layout_loops_ring, uniq_robin

Skill      XL: |  1  2  3  4 |
---------------+-------------+-----
Ranged Weapons | 5 |  5.0
Armour         | 1 |  1.0
Fighting       | 3 |  3.0
Dodging        | |  1.5
Stealth        | |  1.1

Action                     |  1- 3 |  4- 6 || total
---------------------------+-------+-------++-------
   Fire: Shortbow          |   111 |    14 ||   125
    Use: Scroll            |     2 |       ||     2
 Armour: Leather armour    |     6 |       ||     6
         Ring mail         |    19 |     7 ||    26
  Dodge: Dodged            |    35 |     6 ||    41

Table legend:
 A = Non-vault XP
 B = Vault XP
 C = Vault XP percentage of total XP
 D = Non-vault monster count
 E = Vault monster count
 F = Vault count percentage of total count
                 A         B        C        D         E       F
            +---------+---------+-------+---------+---------+-------
      Total |      66 |      22 |  25.0 |      34 |      11 |  24.4
            +---------+---------+-------+---------+---------+-------
        D:1 |      46 |       0 |   0.0 |      29 |       0 |   0.0
        D:2 |      20 |      22 |  52.4 |       5 |      11 |  68.8
            +---------+---------+-------+---------+---------+-------
